 Dungeon Crawl Stone Soup version 0.21-a0-39-g28ea6b7 (webtiles) character file.

7851 wazuzu the Party-goer (level 11, -13/71 HPs)
             Began as a Halfling Fighter on May 31, 2017.
             Was a Follower of Uskayaw.
             Mangled by a two-headed ogre
             ... wielding a +0 giant club
              (15 damage)
             ... on level 8 of the Dungeon.
             The game lasted 00:26:02 (9290 turns).

wazuzu the Party-goer (Halfling Fighter)            Turns: 9290, Time: 00:26:04

Health: -13/71     AC: 11    Str: 25    XL:     11   Next: 44%
Magic:  19/19      EV: 17    Int:  6    God:    Uskayaw [*.....]
Gold:   426        SH:  0    Dex: 16    Spells: 10/10 levels left

rFire    . . .     SeeInvis .   p - +3 dagger (elec)
rCold    . . .     Gourm    .   (shield restricted)
rNeg     . . .     Faith    .   b - +0 scale mail
rPois    .         Spirit   .   q - +1 helmet
rElec    .         Reflect  .   (no cloak)
rCorr    .         Harm     .   n - +0 pair of gloves
MR       .....                  (no boots)
Stlth    ..........             (no amulet)
Regen    0.3/turn               s - +6 ring of strength
MPRegen  0.2/turn               (no ring)

@: no status effects
A: mutation resistance 1
a: Stomp, Renounce Religion


You were on level 8 of the Dungeon.
You worshipped Uskayaw.
Uskayaw was aware of your devotion.
You were not hungry.

You visited 2 branches of the dungeon, and saw 9 of its levels.

You collected 529 gold pieces.
You spent 103 gold pieces at shops.

Inventory:

Hand Weapons
 p - a +3 dagger of electrocution (weapon)
Missiles
 m - 51 poisoned needles
Armour
 b - a +0 scale mail (worn)
 i - a cursed +0 shield
 n - a +0 pair of gloves (worn)
 q - a +1 helmet (worn)
Jewellery
 s - a +6 ring of strength (left hand)
Wands
 a - a wand of enslavement (13/24)
Scrolls
 c - a scroll of blinking
 d - 2 scrolls of remove curse
 j - 4 scrolls of teleportation
 l - 2 scrolls of magic mapping
 u - 2 scrolls of recharging
 y - a scroll of enchant armour
 C - a scroll of vulnerability {unknown}
 D - a scroll of identify
Potions
 e - 2 potions of haste
 h - a potion of heal wounds
 k - 2 potions of might
 r - a potion of brilliance {unknown}
 t - 3 potions of invisibility
 v - a potion of ambrosia {unknown}
 w - a potion of lignification {unknown}
 x - 5 potions of curing
 A - 3 potions of magic
 B - a potion of flight
Comestibles
 f - 11 bread rations
 g - 8 fruits
 o - 5 meat rations
 z - 5 royal jellies


   Skills:
 - Level 5.1 Fighting
 - Level 10.2 Short Blades
 + Level 7.8 Armour
 * Level 6.8 Dodging
 - Level 3.2 Shields
 + Level 11.5 Invocations


You had 10 spell levels left.
You didn't know any spells.

Dungeon Overview and Level Annotations

Branches:
Dungeon (8/15)             Temple (1/1) D:4            Lair (0/6) D:8

Altars:
Ashenzari
Cheibriados
Dithmenos
Fedhas
Gozag
Hepliaklqana
Kikubaaqudgha
Nemelex Xobeh
Okawaru
Ru
Sif Muna
Trog
Uskayaw
Vehumet
Wu Jian
Xom
Yredelemnul
Zin

Shops:
D:4 *


Innate Abilities, Weirdness & Mutations

You are small and have problems with some larger weapons.
You are somewhat resistant to further mutation.


Message History

You are too injured to fight recklessly!
You are too injured to fight recklessly!
You are too injured to fight recklessly!
You hit the two-headed ogre.
The two-headed ogre is moderately wounded.
You hit the two-headed ogre but do no damage.
The two-headed ogre is moderately wounded.
The two-headed ogre hits you with a giant club!
The two-headed ogre misses you.
Your scale mail prevents you from hitting the two-headed ogre.
The two-headed ogre is moderately wounded.
You hit the two-headed ogre but do no damage.
The two-headed ogre is moderately wounded.
You hit the two-headed ogre.
Lightning courses through the two-headed ogre!
The two-headed ogre is heavily wounded.
The two-headed ogre hits you with a giant club!!
* * * LOW HITPOINT WARNING * * *
The two-headed ogre hits you with a giant club!
You die...

#..#.....÷#.......
#..#......#####...
#..#......### #>..
#.>'......'.###...
#.##......#..##...
#.##......##.##...
#.##......##.#####
#.##########.#####
#@# #..#... #O#
##†#... #t# #.....
#.# ##.... #.#
#...( #.# #....
#.# ##... ..######
#...
#########....#
#..#


You could see a two-headed ogre and a crocodile.

Vanquished Creatures
  3 two-headed ogres
  An elephant (D:8)
  The ghost of nht the Carver, an amateur BaBe of Trog (D:4)
  Grinder (D:4)
  3 hippogriffs
  A human (D:7)
  A basilisk (D:8)
  A yak (D:7)
  3 hogs (D:7)
  2 hungry ghosts (D:7)
  Menkaure (D:6)
  5 sky beasts
  3 ice beasts
  An eye of draining (D:4)
  2 orc warriors (D:7)
  2 phantoms
  A necrophage (D:7)
  3 ogres
  2 centaurs (D:7)
  The ghost of tilp the Chiller, an amateur MfIE (D:3)
  A crocodile (D:8)
  3 bullfrogs
  A scorpion (D:5)
  8 wights (D:8)
  5 howler monkeys
  3 crimson imps
  A bullfrog zombie (D:6)
  A centaur zombie (D:8)
  2 hounds
  A jelly (D:8)
  4 orc priests
  4 orc wizards
  A bullfrog skeleton (D:8)
  An iguana (D:8)
  4 worker ants
  A hound zombie (D:8)
  7 adders
  4 gnolls
  2 shadow imps
  An adder zombie (D:4)
  An adder skeleton (D:4)
  A worm (D:3)
  4 leopard geckos
  27 orcs
  14 giant cockroaches
  7 goblins
  8 hobgoblins
  6 jackals
  13 kobolds
  7 quokkas
  A ball python (D:7)
  10 bats
  4 frilled lizards
  7 rats
203 creatures vanquished.

Notes
Turn   | Place    | Note
-------+----------+-------------------------------------------
     0 | D:1      | wazuzu the Halfling Fighter began the quest for the Orb.
     0 | D:1      | Reached XP level 1. HP: 15/15 MP: 1/1
   179 | D:1      | Reached XP level 2. HP: 20/20 MP: 2/2
   862 | D:2      | Reached XP level 3. HP: 26/26 MP: 3/3
   882 | D:2      | Found a hazy altar of Hepliaklqana.
  1060 | D:2      | Found an ancient bone altar of Kikubaaqudgha.
  1062 | D:2      | Found a blossoming altar of Fedhas.
  1403 | D:2      | Found a snail-covered altar of Cheibriados.
  1404 | D:2      | Found a shimmering altar of Xom.
  1404 | D:2      | Found an opulent altar of Gozag.
  1405 | D:2      | Found a radiant altar of Vehumet.
  1539 | D:3      | Reached XP level 4. HP: 26/31 MP: 4/4
  1789 | D:3      | Reached skill level 5 in Short Blades
  1796 | D:3      | Reached XP level 5. HP: 22/36 MP: 5/5
  2094 | D:3      | Found a deep blue altar of Sif Muna.
  2108 | D:3      | Noticed tilp's ghost (amateur MfIE)
  2135 | D:3      | Killed tilp's ghost
  2135 | D:3      | Reached XP level 6. HP: 27/43 MP: 6/6
  2618 | D:3      | Found a shattered altar of Ashenzari.
  2865 | D:4      | Found Yhyny's Assorted Antiques.
  2871 | D:4      | Bought a fuming sapphire potion for 20 gold pieces
  2871 | D:4      | Bought a grey potion for 20 gold pieces
  2871 | D:4      | Bought a puce potion for 20 gold pieces
  2871 | D:4      | Bought a scroll labeled PUSODW XITE for 23 gold pieces
  2871 | D:4      | Bought a bubbling silvery potion for 20 gold pieces
  3164 | D:4      | Found a glowing silver altar of Zin.
  3314 | D:4      | Found a staircase to the Ecumenical Temple.
  3326 | Temple   | Entered the Ecumenical Temple
  3338 | Temple   | Became a worshipper of Uskayaw the Reveler
  3405 | D:4      | Noticed Grinder
  3410 | D:4      | Paralysed by Grinder for 2 turns
  3410 | D:4      | Reached * piety under Uskayaw
  3423 | D:4      | Reached ** piety under Uskayaw
  3428 | D:4      | Paralysed by something for 2 turns
  3434 | D:4      | Paralysed by something for 2 turns
  3440 | D:4      | Killed Grinder
  3440 | D:4      | Reached skill level 1 in Invocations
  3440 | D:4      | Reached XP level 7. HP: 23/49 MP: 6/8
  3628 | D:4      | Found a bloodstained altar of Trog.
  3644 | D:4      | Reached *** piety under Uskayaw
  3645 | D:4      | Reached skill level 2 in Invocations
  3808 | D:4      | Reached XP level 8. HP: 23/54 MP: 9/9
  3814 | D:4      | Found an iron altar of Okawaru.
  4175 | D:4      | Noticed nht's ghost (amateur BaBe)
  4185 | D:4      | Killed nht's ghost
  4185 | D:4      | Reached skill level 5 in Fighting
  4185 | D:4      | Reached skill level 3 in Invocations
  4302 | D:5      | Entered Level 5 of the Dungeon
  4484 | D:5      | Reached skill level 4 in Invocations
  4857 | D:5      | Reached skill level 5 in Invocations
  4859 | D:5      | Reached **** piety under Uskayaw
  5169 | D:5      | Reached XP level 9. HP: 54/61 MP: 13/13
  5286 | D:5      | Reached skill level 6 in Invocations
  5917 | D:6      | Reached skill level 7 in Invocations
  6052 | D:6      | Reached skill level 10 in Short Blades
  6058 | D:6      | Found an ornate altar of the Wu Jian Council.
  6062 | D:6      | Noticed Menkaure
  6069 | D:6      | Killed Menkaure
  6750 | D:7      | Reached skill level 8 in Invocations
  6778 | D:7      | Reached ***** piety under Uskayaw
  6788 | D:7      | Reached ****** piety under Uskayaw
  7073 | D:7      | Noticed a two-headed ogre
  7077 | D:7      | Killed a two-headed ogre
  7077 | D:7      | Reached skill level 5 in Armour
  7077 | D:7      | Reached skill level 9 in Invocations
  7077 | D:7      | Reached XP level 10. HP: 59/66 MP: 15/17
  7266 | D:7      | Reached skill level 10 in Invocations
  7519 | D:7      | Found a sacrificial altar of Ru.
  7606 | D:7      | Reached skill level 1 in Dodging
  7820 | D:7      | Reached skill level 11 in Invocations
  8194 | D:8      | Noticed a two-headed ogre
  8202 | D:8      | Killed a two-headed ogre
  8202 | D:8      | Reached skill level 5 in Dodging
  8202 | D:8      | Reached XP level 11. HP: 44/71 MP: 19/19
  8382 | D:8      | Noticed an elephant
  8395 | D:8      | Found a staircase to the Lair.
  8520 | D:8      | Killed an elephant
  9053 | D:8      | Noticed a two-headed ogre
  9059 | D:8      | Killed a two-headed ogre
  9279 | D:8      | Noticed a two-headed ogre
  9290 | D:8      | HP: 2/71 [two-headed ogre/giant club (23)]
  9290 | D:8      | Mangled by a two-headed ogre

Vault maps used:
D:1:      minmay_arrival_stair_chambers
D:2:      grunt_temple_overflow_growth_and_decay,
          nicolae_overflow_hidden_temple, minitemple, first_bread
D:3:      overflow_temple_1_default, ashenzari_altar_1
D:4:      trog_eyes_of_draining, okawaru_ov_weapons_minmay, old_standard_altar,
          minmay_temple_entry_hall, serial_shops, shop, uniq_grinder
D:6:      lemuel_doored_altar, kennysheep_boxes, uniq_menkaure
D:7:      basic_altar, serial_aquarium, aquarium_bridge_straight,
          aquarium_bridge_square, aquarium_window_2, aquarium_window_2,
          aquarium_window_fake, aquarium_window_1, aquarium_view_2d,
          aquarium_view_4, aquarium_balcony_double_4, grunt_livestock,
          lemuel_statue_altar
D:8:      david_lair_generic
Temple:   dpeg_three_leaves_temple

Skill      XL: |  1  2  3  4  5  6  7  8  9 10 11 |
---------------+----------------------------------+-----
Short Blades   | 3 4 5 7 8 9 10 | 10.2
Fighting       | 3 4 5 |  5.1
Invocations    | 1 2 5 9 11 | 11.5
Armour         | 5 7 |  7.8
Dodging        | 5 6 |  6.8
Shields        | |  3.2

Action                   |  1- 3 |  4- 6 |  7- 9 | 10-12 || total
-------------------------+-------+-------+-------+-------++-------
Melee: Rapier            |   105 |   214 |   191 |       ||   510
       Dagger            |       |       |    92 |   289 ||   381
Invok: Stomp             |       |       |     1 |       ||     1
  Use: Scroll            |     1 |     7 |     6 |     6 ||    20
       Potion            |       |     3 |     1 |     1 ||     5
 Stab: Paralysed         |       |       |     7 |    11 ||    18
  Eat: Chunk             |     2 |     6 |    11 |     8 ||    27
       Fruit             |       |       |     2 |       ||     2
Armor: Leather armour    |    26 |    38 |       |       ||    64
       Scale mail        |       |    21 |    70 |    79 ||   170
Dodge: Dodged            |    82 |   116 |    82 |   114 ||   394
